Map: [ESL] Oceanborn

Players

Classic - Winner!

  • Race: Protoss Protoss
  • Spawn Location: 11:00

Dark

  • Race: Zerg Zerg
  • Spawn Location: 5:00

Event: ESL SC2 Masters 2023 Winter (Finals)

VOD

Have the link to the VOD?

Description

Time

  • Played on: Dec. 16, 2023, 2:59 p.m.
  • Length: 15:45

All games in this series

Show
View Real Time Build Order
Export as new Build Order

Classic Protoss - Winner!

Build Orders: 1 Gate Expand, Oracle Opening, Phoenix Opening, Carriers, Chargelot Immortal 

Get SALT Encoding   

  12  0:00  Probe  
  13  0:12  Probe  
  14  0:18  Pylon  
  14  0:24  Probe (Chrono Boost)  
  15  0:36  Probe (Chrono Boost)  
  15  0:37  Gateway  
  16  0:45  Probe (Chrono Boost)  
  16  0:46  Assimilator  
  17  0:50  Probe  
  18  1:03  Probe  
  19  1:15  Probe  
  20  1:23  Nexus  
  20  1:27  Probe  
  21  1:38  Cybernetics Core  
  21  1:40  Probe  
  21  1:45  Assimilator  
  22  1:52  Pylon  
  22  1:55  Probe  
  23  2:10  Probe  
  23  2:11  Adept (Chrono Boost)  
  26  2:16  Stargate  
  26  2:22  Probe  
  27  2:23  Warp Gate  
  27  2:34  Probe (Chrono Boost), Adept  
  27  2:35  Probe (Chrono Boost)  
  33  2:45  Probe (Chrono Boost)  
  33  2:46  Probe (Chrono Boost)  
  33  2:50  Probe x2 (Chrono Boost)  
  35  2:59  Phoenix (Chrono Boost)  
  35  3:00  Probe  
  35  3:01  Probe  
  39  3:07  Pylon  
  39  3:13  Probe x2  
  39  3:17  Gateway  
  41  3:20  Oracle (Chrono Boost)  
  41  3:25  Probe x2  
  46  3:30  Adept  
  48  3:37  Probe  
  48  3:38  Probe  
  50  3:43  Pylon  
  50  3:49  Oracle (Chrono Boost)  
  53  3:56  Nexus  
  53  3:59  Probe  
  53  4:01  Probe  
  55  4:04  Assimilator  
  55  4:06  Assimilator  
  55  4:11  Probe  
  55  4:12  Pylon  
  55  4:13  Probe  
  57  4:18  Adept x2  
  61  4:25  Probe  
  61  4:29  Pylon  
  61  4:30  Probe  
  63  4:33  Twilight Council  
  63  4:34  Forge  
  63  4:38  Probe  
  64  4:42  Probe  
  65  4:50  Probe  
  66  4:54  Probe  
  65  5:00  Robotics Facility, Gateway  
  65  5:02  Probe (Chrono Boost)  
  65  5:04  Gateway  
  65  5:06  Sentry x2, Probe (Chrono Boost)  
  69  5:08  Probe (Chrono Boost)  
  69  5:09  Shield Battery  
  69  5:11  Protoss Ground Weapons Level 1  
  69  5:12  Charge  
  71  5:16  Probe (Chrono Boost)  
  71  5:18  Probe x2 (Chrono Boost)  
  73  5:21  Probe (Chrono Boost)  
  73  5:22  Probe (Chrono Boost)  
  73  5:23  Probe (Chrono Boost)  
  73  5:26  Gateway  
  76  5:30  Gateway  
  76  5:33  Probe x2  
  76  5:35  Probe  
  79  5:49  Assimilator  
  76  5:50  Observer  
  76  5:52  Assimilator, Templar Archives, Probe x3  
  76  5:55  Pylon  
  79  6:01  Stalker x4  
  79  6:03  Pylon  
  88  6:04  Probe x3  
  90  6:11  Immortal (Chrono Boost)  
  90  6:12  Pylon  
  94  6:22  Nexus  
  94  6:25  Psionic Storm  
  94  6:27  Probe x3  
  94  6:29  Pylon  
  97  6:33  Photon Cannon  
  97  6:43  Probe x3  
  97  6:44  Immortal (Chrono Boost)  
  97  6:46  Pylon  
  100  6:51  High Templar x2  
  100  6:52  Robotics Facility  
  108  6:57  Probe x2  
  108  6:58  Probe  
  108  7:01  Gateway  
  111  7:02  Gateway  
  111  7:07  Shield Battery  
  111  7:14  Immortal (Chrono Boost), Probe x3  
  118  7:18  Assimilator  
  118  7:19  High Templar x2  
  118  7:20  Assimilator  
  122  7:28  Shield Battery  
  122  7:29  Stalker x3  
  128  7:36  Zealot  
  123  7:49  Archon  
  103  7:52  Zealot x5  
  103  7:54  Immortal (Chrono Boost)  
  103  7:55  Immortal (Chrono Boost)  
  119  8:06  Zealot x2  
  119  8:12  Zealot x5  
  123  8:15  Probe x3  
  120  8:25  Probe  
  120  8:27  Probe x2  
  120  8:29  Probe  
  120  8:31  Immortal x2 (Chrono Boost)  
  130  8:35  High Templar x2  
  130  8:36  High Templar x2  
  130  8:37  Protoss Ground Weapons Level 2, Probe, Pylon  
  130  8:39  Probe  
  140  8:44  Pylon  
  140  8:46  Pylon  
  140  8:53  Stalker x3  
  146  9:03  Pylon  
  146  9:10  Photon Cannon  
  146  9:11  Immortal x2 (Chrono Boost)  
  146  9:12  Sentry, Photon Cannon, Stalker  
  146  9:13  Photon Cannon  
  152  9:19  Shield Battery  
  152  9:21  Stalker  
  152  9:22  Stalker x3  
  154  9:29  Probe x2  
  146  9:32  Probe x2  
  146  9:35  High Templar  
  146  9:36  High Templar  
  151  9:41  Probe  
  152  9:47  Immortal x2 (Chrono Boost)  
  152  9:49  Probe x2  
  152  9:50  Probe  
  163  10:02  Stargate  
  163  10:04  Fleet Beacon  
  163  10:10  Zealot x7  
  177  10:15  Shield Battery  
  177  10:19  Pylon  
  177  10:21  Gateway, Pylon  
  177  10:22  Pylon  
  177  10:33  Warp Prism (Chrono Boost), Immortal (Chrono Boost)  
  173  10:40  High Templar  
  173  10:41  High Templar x3  
  187  10:45  Archon  
  187  10:46  Archon  
  187  10:48  Carrier (Chrono Boost)  
  187  10:55  Carrier (Chrono Boost)  
  199  11:02  Photon Cannon  
  199  11:04  Photon Cannon  
  199  11:09  Photon Cannon  
  199  11:15  Photon Cannon  
  199  11:17  Photon Cannon  
  199  11:18  Pylon  
  199  11:20  Pylon  
  199  11:22  Nexus  
  199  11:24  Pylon, Protoss Ground Weapons Level 3  
  191  11:56  Warp Prism (Chrono Boost)  
  191  11:58  Carrier x2 (Chrono Boost)  
  199  12:03  Protoss Air Weapons Level 1  
  199  12:05  Stargate  
  199  12:09  Pylon  
  190  12:30  Zealot x5  
  190  12:36  Stalker x2  
  179  12:52  Carrier (Chrono Boost)  
  179  12:54  Carrier (Chrono Boost)  
  179  12:56  Zealot x2  
  199  12:58  Carrier (Chrono Boost)  
  181  13:13  Probe x3  
  182  13:26  High Templar x2  
  186  13:28  Pylon  
  186  13:30  Pylon  
  186  13:31  Archon  
  186  13:32  Photon Cannon  
  186  13:33  Photon Cannon  
  182  13:41  Zealot  
  182  13:42  Zealot  
  182  13:43  Carrier (Chrono Boost)  
  179  13:53  Carrier (Chrono Boost)  
  179  13:54  Carrier (Chrono Boost)  
  191  14:06  High Templar x2  
  191  14:07  Zealot x2  
  199  14:11  Archon  
  199  14:14  Probe  
  192  14:25  Zealot x3  
  188  14:34  Zealot x2  
  183  14:41  Carrier  
  178  15:02  Pylon  
  178  15:03  Pylon  
  178  15:04  Warp Prism (Chrono Boost)  
  172  15:12  High Templar x4  
  172  15:13  High Templar x2  
  166  15:16  Archon  
  166  15:17  Archon  
  166  15:22  Archon  
Show
View Real Time Build Order
Export as new Build Order

Dark Zerg 

Build Orders: Hatch First 

Get SALT Encoding   

  12  0:00  Drone  
  13  0:11  Overlord  
  13  0:18  Drone  
  14  0:30  Drone x2  
  16  0:48  Hatchery  
  15  0:51  Drone  
  15  0:54  Drone  
  18  0:57  Drone  
  18  1:08  Extractor  
  17  1:12  Spawning Pool  
  17  1:15  Drone  
  17  1:19  Drone  
  18  1:27  Drone  
  19  1:38  Drone  
  20  1:52  Overlord  
  20  1:59  Queen x2  
  20  2:00  Zergling x4  
  26  2:12  Metabolic Boost  
  26  2:14  Drone x2  
  28  2:21  Drone x2  
  30  2:37  Hatchery  
  29  2:38  Drone  
  29  2:39  Drone  
  31  2:45  Queen  
  31  2:50  Overlord  
  33  2:54  Drone  
  33  2:56  Drone  
  35  3:00  Drone  
  36  3:11  Zergling x8  
  40  3:13  Queen  
  40  3:16  Overlord  
  40  3:18  Zergling x2  
  44  3:20  Drone  
  44  3:34  Queen  
  44  3:36  Drone x4  
  44  3:38  Drone x2  
  52  3:41  Overlord  
  52  3:47  Overlord  
  51  3:49  Drone x2  
  51  3:51  Drone  
  51  3:55  Overlord  
  54  3:59  Queen  
  54  4:01  Drone  
  57  4:04  Drone  
  57  4:06  Drone x2  
  60  4:10  Drone x2  
  60  4:14  Drone  
  60  4:15  Spore Crawler  
  62  4:17  Spore Crawler  
  62  4:20  Evolution Chamber  
  62  4:23  Spore Crawler  
  62  4:24  Drone x2  
  61  4:27  Drone x2  
  61  4:30  Drone  
  61  4:31  Drone  
  65  4:34  Drone  
  65  4:35  Overlord  
  66  4:39  Overlord  
  66  4:44  Overlord  
  66  4:46  Zerg Melee Weapons Level 1  
  66  4:48  Extractor, Drone  
  66  4:50  Extractor  
  66  4:51  Drone  
  66  4:54  Drone x6  
  66  4:58  Drone x2  
  72  5:00  Drone x2  
  72  5:02  Drone  
  74  5:07  Drone  
  74  5:13  Lair  
  76  5:14  Drone x2  
  76  5:17  Drone x3  
  80  5:22  Drone x2  
  80  5:23  Drone x3  
  80  5:24  Drone  
  80  5:25  Roach Warren  
  80  5:26  Drone x2  
  86  5:38  Drone x3, Spore Crawler  
  86  5:39  Drone  
  86  5:41  Spore Crawler  
  86  5:43  Spore Crawler  
  86  5:45  Drone  
  86  5:47  Drone x3  
  91  5:50  Extractor  
  91  5:51  Extractor, Hatchery  
  88  5:59  Hatchery  
  88  6:01  Overlord x2  
  88  6:02  Overlord x3  
  87  6:04  Zergling x4  
  87  6:11  Baneling Nest  
  87  6:22  Drone, Roach x3  
  87  6:23  Roach x2  
  87  6:24  Drone  
  87  6:25  Drone x3  
  102  6:26  Drone  
  102  6:30  Zergling x6  
  106  6:35  Nydus Network  
  106  6:36  Zergling x8  
  106  6:38  Roach x2  
  113  6:40  Zerg Melee Weapons Level 2  
  113  6:45  Ravager x5  
  118  6:47  Zergling x6  
  118  6:53  Zergling x6  
  124  6:59  Zergling x10  
  128  7:02  Ravager x2  
  128  7:03  Zergling x2  
  128  7:04  Zergling x8  
  135  7:10  Glial Reconstitution  
  135  7:11  Nydus Canal  
  135  7:12  Roach x2  
  139  7:17  Roach  
  139  7:18  Overlord x2  
  139  7:20  Overlord  
  139  7:21  Overlord  
  141  7:23  Spore Crawler  
  141  7:25  Roach  
  139  7:37  Roach  
  130  7:47  Roach x9  
  130  7:48  Roach x8  
  150  7:52  Zergling x4  
  150  7:56  Zergling x8  
  152  8:01  Ravager x2  
  152  8:05  Roach x2  
  154  8:07  Zergling x10  
  154  8:09  Queen x3  
  151  8:17  Zergling x14  
  153  8:21  Nydus Canal  
  153  8:25  Roach  
  138  8:29  Zergling x20  
  138  8:30  Centrifugal Hooks  
  142  8:36  Roach x3  
  142  8:40  Queen  
  150  8:42  Zergling x4, Ravager  
  150  8:43  Zergling x6  
  150  8:47  Baneling x12  
  154  8:54  Zergling x20  
  164  8:56  Zerg Missile Weapons Level 1  
  164  8:58  Zergling x8  
  168  9:03  Zergling x8  
  168  9:07  Zergling x2  
  173  9:14  Zergling x14  
  169  9:22  Roach x4  
  167  9:25  Zergling x6  
  167  9:28  Roach x4  
  153  9:43  Hydralisk Den  
  147  9:45  Drone  
  147  9:47  Overlord  
  147  9:51  Zergling x24  
  160  9:53  Baneling x11  
  160  9:56  Zergling x6  
  163  10:00  Hatchery  
  162  10:09  Drone x3  
  162  10:10  Extractor  
  162  10:13  Hydralisk, Grooved Spines  
  162  10:14  Hydralisk x5  
  162  10:15  Hatchery  
  162  10:18  Hydralisk x2  
  176  10:22  Hydralisk x2  
  177  10:29  Hydralisk x2  
  177  10:31  Zergling x2, Overlord  
  177  10:32  Overlord x2  
  182  10:46  Baneling x6  
  182  10:50  Zerg Missile Weapons Level 2  
  182  10:51  Zergling x2  
  182  10:52  Zergling x26  
  182  10:56  Hydralisk x2  
  200  11:03  Infestation Pit, Muscular Augments  
  196  11:17  Baneling x3  
  196  11:18  Lurker Den  
  194  11:21  Zergling x12  
  199  11:44  Hydralisk  
  199  11:45  Hydralisk  
  199  11:46  Hydralisk  
  200  11:49  Hive  
  199  12:11  Extractor  
  196  12:18  Zergling x2  
  196  12:19  Zergling x18  
  196  12:21  Hydralisk  
  197  12:23  Hydralisk  
  190  12:32  Hydralisk x3  
  190  12:33  Zergling x2  
  190  12:34  Zergling x34  
  189  12:39  Zergling x18  
  189  12:42  Drone x3  
  181  12:44  Drone  
  181  12:45  Drone x3  
  181  12:47  Hydralisk  
  181  12:48  Hydralisk x5  
  192  12:52  Hydralisk x3  
  197  13:01  Hydralisk x2  
  198  13:09  Hydralisk x4  
  188  13:13  Drone x3  
  188  13:14  Drone  
  188  13:16  Seismic Spines  
  186  13:21  Hydralisk  
  186  13:22  Hydralisk x2  
  186  13:24  Zergling x16  
  200  13:31  Adrenal Glands  
  183  13:42  Hydralisk x3  
  162  13:50  Zergling x2  
  162  13:51  Zergling x10, Hydralisk  
  162  13:52  Hydralisk x2  
  162  13:53  Zergling x18  
  163  13:56  Hydralisk  
  163  13:57  Hydralisk  
  163  14:00  Hydralisk  
  168  14:03  Zergling x6  
  168  14:04  Drone  
  168  14:05  Drone  
  173  14:13  Adaptive Talons  
  173  14:16  Hydralisk  
  173  14:17  Hydralisk x4  
  166  14:18  Zergling x4  
  166  14:21  Zergling x6  
  151  14:35  Hydralisk x6  
  151  14:37  Zergling x2  
  134  14:54  Drone x9  
  141  15:03  Zergling x2  
  141  15:05  Zergling x14  
  131  15:09  Hydralisk  
  126  15:15  Hydralisk x2  
  126  15:17  Hydralisk  
Tags
 
Add a new tag
Caveats
  • Supply blocks, unpowered buildings, or Contaminate may cause inaccurate times.
  • Supply counts are checked every 10 seconds.